 Dungeon Crawl Stone Soup version 0.26-a0-639-g72c4674329 (webtiles) character file.

Game seed: 2777699755675906746

217 graki42 the Magician (level 5, 0/28 HPs)
             Began as a Deep Elf Earth Elementalist on Sept 24, 2020.
             Slain by an orc
             ... wielding a +0 whip
              (3 damage)
             ... on level 3 of the Dungeon.
             The game lasted 00:10:28 (3024 turns).

graki42 the Magician (Deep Elf Earth Elementalist)  Turns: 3024, Time: 00:10:29

Health: 0/28       AC:  4    Str:  6    XL:     5   Next: 61%
Magic:  12/14      EV: 13    Int: 26    God:
Gold:   59         SH:  0    Dex: 15    Spells: 3/13 levels left

rFire    . . .     SeeInvis .   a - +0 dagger
rCold    . . .     Faith    .   (no shield)
rNeg     . . .     Spirit   .   c - +0 robe
rPois    .         Reflect  .   n - +0 helmet
rElec    .         Harm     .   o - +0 cloak
rCorr    .         Rampage  .   (no gloves)
MR       .....                  (no boots)
Stlth    ++........             (no amulet)
HPRegen  0.09/turn              q - +6 ring of intelligence
MPRegen  0.14/turn              (no ring)

@: no status effects
A: no striking features
a: no special abilities


You were on level 3 of the Dungeon.
You visited 1 branch of the dungeon, and saw 3 of its levels.

You collected 59 gold pieces.

Inventory:

Hand Weapons
 a - a +0 dagger (weapon)
Missiles
 b - 105 stones (quivered)
Armour
 c - a +0 robe (worn)
 n - a +0 helmet (worn)
 o - a +0 cloak (worn)
Jewellery
 q - a +6 ring of intelligence (left hand)
Wands
 p - a wand of acid (7)
Scrolls
 d - a scroll of magic mapping
 e - a scroll of immolation
 l - 3 scrolls of remove curse
Potions
 f - 2 potions of curing {unknown}
 g - 2 potions of invisibility {unknown}
 h - a potion of ambrosia {unknown}
 i - a potion of lignification
 m - a potion of flight


   Skills:
 - Level 3.0 Dodging
 - Level 3.0 Stealth
 + Level 4.7 Spellcasting
 + Level 2.2 Conjurations
 + Level 2.9 Transmutations
 + Level 4.5 Earth Magic


You had 3 spell levels left.
You knew the following spells:

 Your Spells              Type           Power        Failure   Level
a - Sandblast             Erth           ####..       1%          1
b - Passwall              Tmut/Erth      ####....     2%          2
c - Stone Arrow           Conj/Erth      ###...       6%          3
d - Petrify               Tmut/Erth      ####....     17%         4

Your spell library contained the following spells:

 Spells                   Type           Power        Failure   Level
 Lee's Rapid Deconstruct  Erth           ####......   34%         5


Dungeon Overview and Level Annotations

Branches:
Dungeon (3/15)

Altars:
Zin


Message History

An orc comes into view. It is wielding a +0 whip.
The orc shouts!
The orc priest mumbles some strange prayers to Beogh against you.
Beogh smites you! The orc closely misses you.
The orc priest casts a cantrip, but nothing happens.
Casting: Sandblast (safe; 1% risk of failure)
Confirm with . or Enter, or press ? or * to list all spells.
Press: ? - help, Dir - move target cursor A rock wall.
The orc hits you with a +0 dagger.
The orc priest begins to cast a cantrip, but forgets the words!
You begin to meditate on the wall.
You continue meditating on the rock.
The orc closely misses you.
The orc priest invokes the aid of Beogh against you.
Beogh smites you!
* * * LOW HITPOINT WARNING * * *
You continue meditating on the rock.
The orc hits you but does no damage. The orc hits you with a +0 whip.
You die...

.....................#.
......########.........
......# #####.......##
......# #.............
......# #.............
..)...# #.............
......# #.....########
#.....#######
##.....@o...#
#.....o....#
#..........##
#........o.."#
#.....r....#.#
#.............
#.....?....###
#.....?......
#..........##


You could see an orc priest, 2 orcs and a rat.

Vanquished Creatures
  Jessica (D:2)
  Natasha (thrice) (D:2)
  Robin (D:2)
  2 adders
  An ooze (D:3)
  2 dart slugs
  A leopard gecko (D:2)
  3 orcs (D:3)
  9 bats
  3 giant cockroaches
  17 goblins
  5 hobgoblins
  A quokka (D:2)
  2 ball pythons
  4 frilled lizards
  11 kobolds
  9 rats
75 creatures vanquished.

Notes
Turn   | Place    | Note
-------+----------+-------------------------------------------
     0 | D:1      | graki42 the Deep Elf Earth Elementalist began the quest for
                  | the Orb.
     0 | D:1      | Reached XP level 1. HP: 10/10 MP: 6/6
   401 | D:1      | Reached XP level 2. HP: 15/15 MP: 6/8
   405 | D:1      | Learned a level 2 spell: Passwall
   979 | D:2      | Reached XP level 3. HP: 19/19 MP: 8/10
   988 | D:2      | Learned a level 3 spell: Stone Arrow
  1262 | D:2      | Noticed Jessica
  1275 | D:2      | Killed Jessica
  1275 | D:2      | Reached XP level 4. HP: 21/24 MP: 6/11
  1425 | D:2      | Noticed Natasha
  1430 | D:2      | Killed Natasha
  1430 | D:2      | Reached skill level 1 in Conjurations
  1629 | D:2      | Noticed Robin
  1678 | D:2      | Killed Robin
  1918 | D:2      | Noticed Natasha
  1930 | D:2      | Killed Natasha
  1930 | D:2      | Reached XP level 5. HP: 23/28 MP: 9/13
  1936 | D:2      | Learned a level 4 spell: Petrify
  2069 | D:2      | Found a faded altar of an unknown god.
  2087 | D:2      | Noticed Natasha
  2092 | D:2      | Killed Natasha
  2397 | D:2      | Found a glowing silver altar of Zin.
  3024 | D:3      | Slain by an orc

Illustrated notes

Levels and vault maps discovered:
D:1:      tarquinn_simple_flora_water_c, layout_loops_ring
D:2:      layout_rooms, zin_treasury, chequers_ecumenical_altar_grove,
          hangedman_abyss_or_decor_stabs, uniq_jessica, uniq_robin, uniq_natasha
D:3:      layout_basic, lemuel_coloured_pillars_altar,
          ebering_ghost_rock_garden, minmay_circle_x

Skill      XL: |  1  2  3  4  5 |
---------------+----------------+-----
Stealth        | 3 |  3.0
Dodging        | 3 |  3.0
Transmutations | 2 |  2.9
Spellcasting   | 4 |  4.7
Conjurations   | 1 2 |  2.2
Earth Magic    | 4 |  4.5

Action                   |  1- 3 |  4- 6 || total
-------------------------+-------+-------++-------
Melee: Dagger            |    47 |   103 ||   150
 Cast: Sandblast         |    22 |    39 ||    61
       Passwall          |       |     1 ||     1
  Use: Scroll            |       |     7 ||     7
 Stab: Sleeping          |     9 |     7 ||    16
Armor: Robe              |    15 |    18 ||    33
Dodge: Dodged            |    51 |    64 ||   115

Table legend: (Time is in decaauts)
 A = Elapsed time spent in this place.
 B = Non-inter-level travel time spent in this place.
 C = Inter-level travel time spent in this place.
 D = Time resting spent in this place.
 E = Time spent auto-exploring this place.
 F = Levels seen in this place.
 G = Mean time per level.
                   A        B        C        D        E       F      G
               +--------+--------+--------+--------+--------+-----+--------+
         Total |   3027 |   2987 |     40 |    728 |   1696 |   3 | 1009.0 |
       Dungeon |   3027 |   2987 |     40 |    728 |   1696 |   3 | 1009.0 |
               +--------+--------+--------+--------+--------+-----+--------+

Top non-repeatable levels by time:
     D:2: 1526 daAuts
     D:1: 961 daAuts
     D:3: 539 daAuts
